 Dungeon Crawl Stone Soup version 0.31-a0-764-g8440623082 (webtiles) character file.

Game seed: 8597298200970327968

1134 Ijustatesigmund the Magician (level 8, -1/46 HPs)
             Began as a Deep Elf Fire Elementalist on Sept 15, 2023.
             Was an Initiate of Vehumet.
             Slain by Duvessa
             ... wielding a +0 short sword
              (11 damage)
             ... on level 5 of the Dungeon.
             The game lasted 00:11:39 (7078 turns).

Ijustatesigmund the Magician (DEFE)                 Turns: 7078, Time: 00:11:40

Health: -1/46      AC:  2    Str:  5    XL:     8   Next: 14%
Magic:  17/20      EV: 12    Int: 23    God:    Vehumet [......]
Gold:   315        SH:  0    Dex: 15    Spells: 9/21 levels left

rFire   . . .        d - +3 dagger (venom)
rCold   . . .        (no shield)
rNeg    + . .        a - +0 robe
rPois   .            (no helmet)
rElec   .            (no cloak)
rCorr   .            (no gloves)
SInv    +            (no boots)
Will    .....        (no amulet)
Stlth   ++           i - ring of see invisible
HPRegen 0.27/turn    q - ring of positive energy
MPRegen 0.17/turn

%: no passive effects
@: hasted, very quick
A: no striking features
a: Renounce Religion


You were on level 5 of the Dungeon.
You worshipped Vehumet.
Vehumet was noncommittal.
You visited 2 branches of the dungeon, and saw 6 of its levels.
You also visited: Sewer.

You collected 315 gold pieces.

Inventory:

Hand Weapons
 d - a +3 dagger of venom (weapon)
Armour
 a - a +0 robe (worn)
Jewellery
 i - a ring of see invisible (left hand)
 q - a ring of positive energy (right hand)
Wands
 f - a wand of polymorph (10)
Scrolls
 c - 3 scrolls of fog
 e - 3 scrolls of poison
 h - 2 scrolls of amnesia
 k - 2 scrolls of torment
 p - a scroll of vulnerability
Potions
 b - a potion of magic
 l - a potion of might
 m - 2 potions of curing
 n - 2 potions of heal wounds {unknown}
 o - 2 potions of attraction {unknown}


   Skills:
 - Level 3.4 Fighting
 - Level 2.4 Dodging
 - Level 2.4 Stealth
 + Level 7.3 Spellcasting
 - Level 4.9 Conjurations
 + Level 2.4 Transmutations
 - Level 5.8 Fire Magic


You had 9 spell levels left.
You knew the following spells:

 Your Spells              Type           Power      Damage    Failure   Level
a - Foxfire               Conj/Fire      100%       2x1d9     1%          1
b - Scorch                Fire           70%        2d7       1%          2
c - Flame Wave            Conj/Fire      33%        2d10      9%          4
d - Irradiate             Conj/Tmut      12%        3d15      41%         5

Your spell library contained the following spells:

 Spells                   Type           Power      Damage    Failure   Level
 Momentum Strike          Conj/Tloc      38%        3d9       4%          2
 Wereblood                Tmut           19%        N/A       4%          2
 Inner Flame              Hex/Fire       21%        N/A       7%          3
 Volatile Blastmotes      Fire/Tloc      42%        2d13      7%          3
 Sticky Flame             Conj/Fire      33%        2d5       9%          4
 Blink                    Tloc           16%        N/A       12%         2
 Lesser Beckoning         Tloc           16%        N/A       12%         2
 Summon Ice Beast         Ice/Summ       8%         N/A       58%         4
 Summon Mana Viper        Hex/Summ       8%         N/A       91%         5
 Monstrous Menagerie      Summ           4%         N/A       100%        7


Dungeon Overview and Level Annotations

Branches:
Dungeon (5/15)             Temple (1/1) D:4           Sewer (visited)

Altars:
Cheibriados
Dithmenos
Elyvilon
Fedhas
Gozag
Hepliaklqana
Kikubaaqudgha
Makhleb
Nemelex Xobeh
Okawaru
Qazlal
Ru
Trog
Vehumet
Wu Jian
Xom
Yredelemnul
The Shining One

Annotations:
D:5 Duvessa


Message History

The foxfire hits the adder.
The adder is moderately wounded.
The adder hisses angrily.
Your foxfire dissipates!
Casting: Foxfire (safe; 1% risk of failure)
Confirm with . or Enter, or press ? or * to list all spells.
You conjure some foxfire!
The foxfire hits the adder.
The adder is almost dead.
Casting: Foxfire (safe; 1% risk of failure)
Confirm with . or Enter, or press ? or * to list all spells.
Flames lash the adder.
You kill the adder!
Vehumet accepts your kill.
Your foxfire dissipates!
There is an open door here.
Done exploring.
Done exploring.
There is an open door here.
Things that are here:
a stone; a +0 short sword Duvessa rages.
Duvessa is nearby!
Casting: Scorch (safe; 1% risk of failure)
Confirm with . or Enter, or press ? or * to list all spells.
Flames lash Duvessa but do no damage.
Duvessa closely misses you.
Duvessa hits you with a +0 short sword! x2
Casting: Scorch (safe; 1% risk of failure)
Confirm with . or Enter, or press ? or * to list all spells.
Flames lash Duvessa.
Duvessa resists.
Duvessa is lightly wounded.
Duvessa's fire resistance burns away.
Duvessa barely misses you. Duvessa barely misses you. x2
Okay, then.
You feel yourself speed up.
Duvessa is no longer more vulnerable to fire.
Duvessa hits you with a +0 short sword!
* * * LOW HITPOINT WARNING * * *
Duvessa attacks as she pursues you! Duvessa hits you with a +0 short sword!
You die...

##....#.##..............##.......
......#.##.......##..........<..#
####.##..######..##.#.######...##
####.###.# #..##.#(#######..##
##.......# #..##.............)
#######..# #[###.......####.## #
#..# #.# #..###..# #.# #### #..#
#.###..# #..# #.# )..# #..##
#.@e...###..####.#
##.####.#.#####)###............#
#......###................######
####..#####<###.########.##
#.##...##.............#
##........##.##########
##.......##.# #..........#
##...#######


You could see Duvessa (berserk).

Vanquished Creatures
  Grinder (D:5)
  Eustachio (D:4)
  Pargi (Sewer)
  An ice beast (D:5)
  A centaur (D:5)
  A scorpion (D:5)
  Dowan (D:5)
  3 hounds
  An orc priest (D:5)
  Jessica (D:3)
  Ijyb (D:5)
  2 iguanas
  An orc wizard (D:5)
  3 gnolls (D:3)
  7 adders
  2 worms
  7 orcs
  7 ball pythons
  12 bats
  4 endoplasms
  8 giant cockroaches
  8 goblins
  9 hobgoblins
  2 jackals (D:3)
  5 quokkas
  5 frilled lizards
  9 kobolds
  5 rats
109 creatures vanquished.

Vanquished Creatures (others)
  253 foxfires
253 creatures vanquished.

Grand Total: 362 creatures vanquished

Notes
Turn   | Place    | Note
-------+----------+-------------------------------------------
     0 | D:1      | Ijustatesigmund the Deep Elf Fire Elementalist began the
                  | quest for the Orb.
     0 | D:1      | Reached XP level 1. HP: 10/10 MP: 6/6
   234 | D:1      | Reached XP level 2. HP: 16/16 MP: 6/8
   372 | D:1      | Learned a level 2 spell: Scorch
  1176 | D:2      | Reached XP level 3. HP: 20/20 MP: 7/10
  1364 | D:2      | Reached skill level 1 in Fighting
  2048 | D:2      | Reached XP level 4. HP: 25/25 MP: 8/11
  2053 | D:2      | Learned a level 4 spell: Flame Wave
  2271 | D:2      | Found a shadowy altar of Dithmenos.
  2747 | D:3      | Found a glowing drain.
  2757 | D:3      | Reached skill level 4 in Spellcasting
  2764 | Sewer    | Entered a sewer
  2982 | Sewer    | Noticed Pargi
  2991 | Sewer    | Killed Pargi
  2992 | Sewer    | Reached XP level 5. HP: 30/30 MP: 8/13
  4186 | D:3      | Noticed Jessica
  4190 | D:3      | Killed Jessica
  4504 | D:4      | Found a white marble altar of Elyvilon.
  4697 | D:4      | Found a staircase to the Ecumenical Temple.
  4785 | Temple   | Entered the Ecumenical Temple
  4806 | Temple   | Became a worshipper of Vehumet
  4965 | D:4      | Reached XP level 6. HP: 32/35 MP: 9/15
  5077 | D:4      | Reached skill level 5 in Spellcasting
  5108 | D:4      | Noticed Eustachio
  5127 | D:4      | Killed Eustachio
  5128 | D:4      | Reached skill level 5 in Fire Magic
  5689 | D:5      | Entered Level 5 of the Dungeon
  5765 | D:5      | Noticed Grinder
  5767 | D:5      | Paralysed by Grinder for 4 turns
  5783 | D:5      | Reached XP level 7. HP: 22/40 MP: 9/17
  5785 | D:5      | Killed Grinder
  5786 | D:5      | Reached skill level 6 in Spellcasting
  6032 | D:5      | Learned a level 5 spell: Irradiate
  6058 | D:5      | Reached skill level 1 in Transmutations
  6318 | D:5      | Reached XP level 8. HP: 46/46 MP: 14/20
  6420 | D:5      | Noticed Ijyb
  6428 | D:5      | Killed Ijyb
  6607 | D:5      | Reached skill level 7 in Spellcasting
  6737 | D:5      | Found a sparkling altar of Nemelex Xobeh.
  6737 | D:5      | Noticed Dowan
  6765 | D:5      | Killed Dowan
  6790 | D:5      | Noticed Duvessa
  7078 | D:5      | Slain by Duvessa

Illustrated notes

Levels and vault maps discovered:
D:1:      dpeg_arrival_arbitrary_c, layout_loops_corners
D:2:      layout_basic, basic_altar
D:3:      layout_basic, cheibrodos_sewer_entry_drain, uniq_jessica
D:4:      nicolae_cairo_tiling_very_big, layout_gridville,
          mainiacjoe_overflow_catwalk, temple_doors_ab, uniq_eustachio
D:5:      layout_loops_ring, nemelex_spade_bored_becter, corexii_checkpoint_a,
          serial_park_tiny_2, uniq_ijyb, uniq_duvessa, uniq_grinder
Temple:   nicolae_temple_elliptical

Skill      XL: |  1  2  3  4  5  6  7  8 |
---------------+-------------------------+-----
Fighting       | 1 2 3 |  3.4
Conjurations   | 2 3 4 |  4.9
Spellcasting   | 4 5 6 7 |  7.3
Fire Magic     | 4 5 |  5.8
Transmutations | 1 2 |  2.4
Dodging        | |  2.4
Stealth        | |  2.4

Action                     |  1- 3 |  4- 6 |  7- 9 || total
---------------------------+-------+-------+-------++-------
  Melee: Dagger            |    20 |     5 |     3 ||    28
   Cast: Foxfire           |    48 |    73 |    33 ||   154
         Scorch            |    10 |    24 |    18 ||    52
    Use: Scroll            |       |    12 |       ||    12
         Potion            |       |     2 |     1 ||     3
 Armour: Robe              |    10 |    21 |    15 ||    46
  Dodge: Dodged            |    15 |    31 |    15 ||    61

Table legend: (Time is in decaauts)
 A = Elapsed time spent in this place.
 B = Non-inter-level travel time spent in this place.
 C = Inter-level travel time spent in this place.
 D = Time resting spent in this place.
 E = Time spent auto-exploring this place.
 F = Levels seen in this place.
 G = Mean time per level.
                   A        B        C        D        E       F      G
               +--------+--------+--------+--------+--------+-----+--------+
         Total |   7087 |   6810 |    277 |   1319 |   4709 |   7 | 1012.4 |
       Dungeon |   6714 |   6479 |    235 |   1155 |   4613 |   5 | 1342.8 |
        Temple |     42 |      1 |     41 |      0 |      0 |   1 |   42.0 |
         Sewer |    330 |    330 |      0 |    164 |     96 |   1 |  330.0 |
               +--------+--------+--------+--------+--------+-----+--------+

Top non-repeatable levels by time:
     D:2: 1584 daAuts
     D:3: 1445 daAuts
     D:5: 1372 daAuts
     D:4: 1167 daAuts
     D:1: 1144 daAuts
   Sewer: 330 daAuts
  Temple: 42 daAuts
